cohdb
Replays
Latest Replays
All Replays
Popular Replays
Top Player Replays
Match Explorer
How It Works
Community
CoH3 Stats
Reddit
Sign in to upload your games and track your stats! →
Sign in with Steam
Match 43597894
Unlisted
Match 43597894
Overview
Messages
Build Orders
End
Construct Section Command Post
Selects Air and Sea Battlegroup
Royal Engineer Section
Infantry Section
Infantry Section
ML 3-inch Mortar Team
Construct Platoon Command Post
Construct Field Infirmary
Selects Commando Section Paradrop
Commando Section Paradrop
Humber Armored Car
Construct Company Command Post
SpookyMayo
Adorath
Mr Newton
Mustache and Melons
0
0
Comments
sign in to comment!
No comments posted yet!